 Dungeon Crawl Stone Soup version 0.27-a0-1301-g128193abf8 (webtiles) character file.

Game seed: 1029862506891327995

81 mordus the Chopper (level 4, 0/39 HPs)
             Began as a Minotaur Monk on June 17, 2021.
             Slain by Sigmund (11 damage)
             ... on level 2 of the Dungeon.
             The game lasted 00:01:37 (1527 turns).

mordus the Chopper (Minotaur Monk)                  Turns: 1527, Time: 00:01:38

Health: 0/39       AC:  8    Str: 16    XL:     4   Next: 20%
Magic:  3/3        EV:  7    Int:  7    God:
Gold:   35         SH:  0    Dex: 13    Spells: 3/3 levels left

rFire    . . .     SeeInvis .   e - +0 war axe
rCold    . . .     Faith    .   (no shield)
rNeg     . . .     Spirit   .   j - +0 chain mail
rPois    .         Reflect  .   (helmet restricted)
rElec    .         Harm     .   (no cloak)
rCorr    .         Rampage  .   (no gloves)
Will     .....                  (no boots)
Stlth    ..........             (no amulet)
HPRegen  0.13/turn              (no ring)
MPRegen  0.08/turn              (no ring)

@: no status effects
A: horns 2, retaliatory headbutt
a: no special abilities


You were on level 2 of the Dungeon.
You visited 1 branch of the dungeon, and saw 2 of its levels.

You collected 35 gold pieces.

Inventory:

Hand Weapons
 a - a +0 hand axe
 e - a +0 war axe (weapon)
Armour
 j - a +0 chain mail (worn)
Scrolls
 b - a scroll of teleportation {unknown}
 d - a scroll of amnesia {unknown}
 f - 3 scrolls of silence {unknown}
 h - a scroll of vulnerability {unknown}
Potions
 g - 2 potions of lignification {unknown}


   Skills:
 - Level 3.6 Fighting
 * Level 5.5 Axes
 + Level 2.4 Armour
 - Level 3.2 Dodging
 - Level 1.5 Stealth


You had 3 spell levels left.
You didn't know any spells.
Your spell library contained the following spells:

 Spells                   Type           Power      Damage    Failure   Level
 Summon Small Mammal      Summ           0%         N/A       100%        1
 Call Imp                 Summ           0%         N/A       100%        2
 Call Canine Familiar     Summ           0%         N/A       100%        3
 Summon Guardian Golem    Hex/Summ       0%         N/A       100%        3
 Summon Ice Beast         Ice/Summ       0%         N/A       100%        4
 Summon Lightning Spire   Summ/Air       0%         N/A       100%        4


Dungeon Overview and Level Annotations

Branches:
Dungeon (2/15)

Altars:

Shops:
D:1 *

Annotations:
D:2 Sigmund


Innate Abilities, Weirdness & Mutations

You have a pair of horns on your head.
You reflexively headbutt those who attack you in melee.


Message History

Sigmund is nearby!
You hit Sigmund.
Sigmund is lightly wounded.
Sigmund hits you with a +0 scythe.
Sigmund is nearby!
You closely miss Sigmund.
Sigmund is lightly wounded.
Sigmund hits you with a +0 scythe!
Sigmund is nearby!
Sigmund is nearby!
You hit Sigmund. You headbutt Sigmund, but do no damage.
Sigmund is lightly wounded.
Sigmund barely misses you.
Sigmund is nearby!
You barely miss Sigmund. You headbutt Sigmund!
Sigmund is moderately wounded.
Sigmund hits you with a +0 scythe.
Sigmund is nearby!
You closely miss Sigmund.
Sigmund is moderately wounded.
Sigmund casts a spell at you. You resist with some effort.
Sigmund barely misses you.
You closely miss Sigmund.
Sigmund is moderately wounded.
Sigmund gestures at you while chanting. The puff of flame hits you.
Your chain mail prevents you from hitting Sigmund.
Your headbutt misses Sigmund.
Sigmund is moderately wounded.
Sigmund hits you with a +0 scythe!
* * * LOW HITPOINT WARNING * * *
You closely miss Sigmund. Your headbutt misses Sigmund.
Sigmund is moderately wounded.
Sigmund says, "Your kind have come here before.
I understand now why.
You desire death..."
Sigmund casts a spell at you.
The magic dart hits you but does no damage.
You closely miss Sigmund.
Sigmund is moderately wounded.
Sigmund hits you with a +0 scythe!
You die...

#>..............'.......
#.#<#.######....########
###.###########
#.......# #.#.###.#
#.#...# #.###.# #####
#.# #.# #.... #.# #@#
#.### #.# #@# #.# #.#
#.# #.# #.. ..# #.# ##.
#.# . #.# . #.# .. #.#
#.###


You could see Sigmund.

Vanquished Creatures
  Terence (D:2)
  An adder (D:2)
  A worm (D:2)
  7 ball pythons
  A bat (D:2)
  2 endoplasms (D:2)
  3 giant cockroaches
  3 hobgoblins
  10 jackals (D:1)
  3 frilled lizards
  3 goblins
  A kobold (D:1)
  5 rats
41 creatures vanquished.

Notes
Turn   | Place    | Note
-------+----------+-------------------------------------------
     0 | D:1      | mordus the Minotaur Monk began the quest for the Orb.
     0 | D:1      | Reached XP level 1. HP: 19/19 MP: 0/0
   192 | D:1      | Found Wicki's General Store.
   208 | D:1      | Reached skill level 4 in Axes
   262 | D:1      | Reached skill level 1 in Armour
   262 | D:1      | Reached XP level 2. HP: 26/26 MP: 1/1
   586 | D:1      | Reached XP level 3. HP: 29/31 MP: 2/2
   927 | D:2      | Reached skill level 5 in Axes
  1024 | D:2      | Noticed Terence
  1032 | D:2      | Killed Terence
  1033 | D:2      | Reached XP level 4. HP: 27/39 MP: 3/3
  1432 | D:2      | Found a faded altar of an unknown god.
  1515 | D:2      | Noticed Sigmund
  1527 | D:2      | Slain by Sigmund

Illustrated notes

Levels and vault maps discovered:
D:1:      nicolae_arrival_washed_ashore, layout_basic, serial_shops,
          shop_fountains
D:2:      layout_basic, hellmonk_ecumenical_altar_leap_of_faith, uniq_terence,
          uniq_sigmund

Skill      XL: |  1  2  3 |
---------------+----------+-----
Axes           | 4 5 |  5.5
Armour         | 1 2 |  2.4
Fighting       | |  3.6
Dodging        | |  3.2
Stealth        | |  1.5

Action                   |  1- 3 |  4- 6 || total
-------------------------+-------+-------++-------
Melee: War axe           |    51 |    18 ||    69
       Hand axe          |     4 |       ||     4
       Headbutt          |    11 |     5 ||    16
Armor: Leather armour    |    13 |       ||    13
       Scale mail        |     2 |       ||     2
       Chain mail        |       |     9 ||     9
Dodge: Dodged            |    47 |     5 ||    52

Table legend: (Time is in decaauts)
 A = Elapsed time spent in this place.
 B = Non-inter-level travel time spent in this place.
 C = Inter-level travel time spent in this place.
 D = Time resting spent in this place.
 E = Time spent auto-exploring this place.
 F = Levels seen in this place.
 G = Mean time per level.
                   A        B        C        D        E       F      G
               +--------+--------+--------+--------+--------+-----+--------+
         Total |   1544 |   1528 |     16 |      0 |   1251 |   2 |  772.0 |
       Dungeon |   1544 |   1528 |     16 |      0 |   1251 |   2 |  772.0 |
               +--------+--------+--------+--------+--------+-----+--------+

Top non-repeatable levels by time:
     D:1: 803 daAuts
     D:2: 741 daAuts
